 Dungeon Sprint DCSS version 0.19-b1-4-gd8a0a2a (webtiles) character file.

91 LORDOFBUTT the Sneak (level 4, -8/21 HPs)
             Began as a Spriggan Enchanter on Oct 31, 2016.
             Was a Follower of Dithmenos.
             Mangled by a tarantella (15 damage)
             ... in the Dungeon (Sprint V: "Ziggurat Sprint").
             The game lasted 00:03:36 (508 turns).

LORDOFBUTT the Sneak (Spriggan Enchanter)            Turns: 508, Time: 00:03:36

Health: -8/21      AC:  3    Str:  4    XL:     4   Next: 33%
Magic:  8/12       EV: 23    Int: 16    God:    Dithmenos [*.....]
Gold:   0          SH:  0    Dex: 29    Spells: 3 memorised, 8 levels left

rFire  . . .     SeeInvis +     J - +5 quick blade (pierce)
rCold  . . .     Gourm    .     b - +1 robe
rNeg   . . .     Faith    .     (shield restricted)
rPois  .         Spirit   .     (helmet restricted)
rElec  .         Reflect  .     (no cloak)
rCorr  .         Harm     .     (gloves unavailable)
MR     .....     NoTele   +     (boots unavailable)
Stlth  +++++.....               (no amulet)
                                D - +6 ring of dexterity
                                C - +6 ring of dexterity

@: wreathed by umbra, very quick
A: unfitting armour, see invisible, herbivore 3, speed 3, slow metabolism 2
a: Renounce Religion


You were in the Dungeon.
You worshipped Dithmenos.
Dithmenos was aware of your devotion.
You were not hungry.

You visited 1 branch

Inventory:

Hand Weapons
 J - a +5 quick blade of piercing (weapon)
Armour
 b - a +1 robe (worn)
Jewellery
 C - a +6 ring of dexterity (left hand)
 D - a +6 ring of dexterity (right hand)
 E - a +6 ring of intelligence
 F - a +6 ring of intelligence
 G - a +6 ring of strength
 H - a +6 ring of strength
Wands
 y - a wand of disintegration (6/24)
 z - a wand of iceblast (5/15)
 A - a wand of lightning (4/15)
 B - a wand of acid (5/15)
Scrolls
 j - 4 scrolls of blinking
 q - 4 scrolls of amnesia
 r - 3 scrolls of recharging
 s - 7 scrolls of fog
 t - a scroll of holy word
 u - 5 scrolls of identify
 v - 5 scrolls of remove curse
 w - 2 scrolls of fear
Potions
 e - 10 potions of curing
 f - 10 potions of heal wounds
 g - 6 potions of haste
 h - 7 potions of magic
 i - 3 potions of berserk rage
 k - 2 potions of brilliance
 l - 2 potions of invisibility
 m - 4 potions of resistance
 n - a potion of experience
 o - 5 potions of agility
 p - 5 potions of might
Books
 c - a book of Maledictions

   Spells                             Type                      Level
   a - Corona                         Hexes                        1
   b - Ensorcelled Hibernation        Hexes/Ice                    2
   c - Confuse                        Hexes                        3
   d - Tukima's Dance                 Hexes                        3
   e - Dazzling Spray                 Conjuration/Hexes            3
 I - Ofevaus's Grimoire of Entrancing Transformation
   (You found it in the Dungeon)

   Spells                             Type                      Level
   a - Spectral Weapon                Hexes/Charms                 3
   b - Summon Guardian Golem          Hexes/Summoning              3
   c - Gell's Gravitas                Hexes/Translocation          3
   d - Ice Form                       Ice/Transmutation            4
   e - Dragon Form                    Transmutation                7
 K - a book of Power

   Spells                             Type                      Level
   a - Fulminant Prism                Conjuration/Hexes            4
   b - Iskenderun's Mystic Blast      Conjuration                  4
   c - Venom Bolt                     Conjuration/Poison           5
   d - Bolt of Magma                  Conjuration/Fire/Earth       5
   e - Iron Shot                      Conjuration/Earth            6
   f - Orb of Destruction             Conjuration                  7
   g - Spellforged Servitor           Conjuration/Summoning        7
 M - the Catalogue of the Shifting Birds
   (You found it in the Dungeon)

   Spells                             Type                      Level
   a - Beastly Appendage              Transmutation                1
   b - Swiftness                      Charms/Air                   2
   c - Passwall                       Transmutation/Earth          2
   d - Ice Form                       Ice/Transmutation            4
   e - Blade Hands                    Transmutation                5
   f - Conjure Ball Lightning         Conjuration/Air              6
Miscellaneous
 a - a disc of storms
Comestibles
 d - 5 bread rations
 x - 42 fruits


   Skills:
 + Level 3.2 Short Blades
 + Level 5.3 Dodging
 + Level 6.4 Stealth
 * Level 5.8 Spellcasting
 * Level 6.2 Hexes
 + Level 3.5 Evocations


You had 8 spell levels left.
You knew the following spells:

 Your Spells              Type           Power        Failure   Level  Hunger
a - Corona                Hex            ###....      1%          1    None
b - Ensorcelled Hibernat  Hex/Ice        ##....       8%          2    #......
c - Confuse               Hex            ###.....     3%          3    ##.....


Dungeon Overview and Level Annotations

Branches:
Dungeon (1/1)

Altars:
Ashenzari
Cheibriados
Dithmenos
Elyvilon
Fedhas
Gozag
Hepliaklqana
Kikubaaqudgha
Makhleb
Nemelex Xobeh
Okawaru
Qazlal
Ru
Sif Muna
Trog
Uskayaw
Vehumet
Xom
Yredelemnul
Zin
The Shining One
Beogh
Jiyva
Lugonu


Innate Abilities, Weirdness & Mutations

You are very small and have problems with some larger weapons.
You are too small for most types of armour.
You have supernaturally acute eyesight. (SInv)
You are a herbivore.
You cover ground extremely quickly.
You need consume almost no food.


Message History

The tarantella hisses angrily. x4
The tarantella barely misses you.
Okay, then.
Cast which spell? (? or * to list)
Aiming: Ensorcelled Hibernation
Press: ? - help, Shift-Dir - straight line, f - tarantella
Aim: a tarantella (umbra, chance to defeat MR: 45%)
The tarantella resists with some effort.
The tarantella barely misses you. The tarantella misses you.
Casting: Ensorcelled Hibernation
Confirm with . or Enter, or press ? or * to list all spells.
Aiming: Ensorcelled Hibernation
Press: ? - help, Shift-Dir - straight line, f/p - tarantella
Aim: a tarantella (umbra, chance to defeat MR: 45%)
The tarantella looks drowsy...
The tarantella completely misses you. The tarantella misses you.
The tarantella bites you!
Ouch! That really hurt!
The tarantella bites you. The tarantella bites you!
Ouch! That really hurt!
You die...

▓▓▓▓▓▓▓▓▓▓▓▓▓▓▓▓▓▓▓
▓.8©8.▓.8©8.▓.8©8.▓
▓.}:).▓.)...▓.....▓
▓..?..▓.....▓.....▓
▓.....▓.....▓.....▓
▓.....▓.....▓.....▓
▓sss..▓.....▓.....▓
▓.@s..▓.....▓▓▓▓▓▓▓
▓▓▓▓▓▓▓▓▓▓▓▓▓


You could see 4 tarantellas.

Vanquished Creatures
  A crimson imp (D)
  An iron imp (D)
  An iguana (D)
  2 jackals (D)
5 creatures vanquished.

Notes
Turn   | Place    | Note
-------+----------+-------------------------------------------
     0 | D        | LORDOFBUTT the Spriggan Enchanter began the quest for the Orb.
     0 | D        | Reached XP level 1. HP: 9/9 MP: 5/5
     0 | D        | Found a blossoming altar of Fedhas.
     1 | D        | Found a deep blue altar of Sif Muna.
     1 | D        | Found a sacrificial altar of Ru.
     1 | D        | Found a bloodstained altar of Trog.
     1 | D        | Found a stormy altar of Qazlal.
     1 | D        | Found an iron altar of Okawaru.
     1 | D        | Found a sparkling altar of Nemelex Xobeh.
     3 | D        | Found an ancient bone altar of Kikubaaqudgha.
     3 | D        | Found a viscous altar of Jiyva.
     3 | D        | Found a corrupted altar of Lugonu.
     3 | D        | Found a hazy altar of Hepliaklqana.
     3 | D        | Found a burning altar of Makhleb.
     3 | D        | Found an opulent altar of Gozag.
   222 | D        | Became a worshipper of Dithmenos the Shadowed
   234 | D        | Entered arena 1.
   234 | D        | Noticed an iron imp
   234 | D        | Noticed a crimson imp
   257 | D        | Killed a crimson imp
   257 | D        | Reached skill level 5 in Stealth
   257 | D        | Reached skill level 5 in Hexes
   257 | D        | Reached XP level 2. HP: 4/13 MP: 5/8
   257 | D        | Reached XP level 3. HP: 5/16 MP: 6/10
   259 | D        | Reached skill level 5 in Spellcasting
   261 | D        | Identified Ofevaus's Grimoire of Entrancing Transformation (You found it in the Dungeon)
   466 | D        | Learned a level 2 spell: Ensorcelled Hibernation
   471 | D        | Learned a level 3 spell: Confuse
   472 | D        | Entered arena 2.
   477 | D        | Reached * piety under Dithmenos
   480 | D        | Reached skill level 5 in Dodging
   480 | D        | Reached XP level 4. HP: 21/21 MP: 10/12
   488 | D        | Identified the Catalogue of the Shifting Birds (You found it in the Dungeon)
   500 | D        | Entered arena 3.
   500 | D        | Noticed a tarantella
   500 | D        | Noticed a tarantella
   500 | D        | Noticed a tarantella
   500 | D        | Noticed a tarantella
   508 | D        | Mangled by a tarantella

Skill      XL: |  1  2  3 |
---------------+----------+-----
Short Blades   | 2 3 |  3.2
Dodging        | 4 5 |  5.3
Stealth        | 5 6 |  6.4
Spellcasting   | 4 5 |  5.8
Hexes          | 5 6 |  6.2
Evocations     | 2 3 |  3.5

Action                   |  1- 3 |  4- 6 || total
-------------------------+-------+-------++-------
Melee: Quick blade       |    16 |       ||    16
 Cast: Ensorcelled Hiber |       |     2 ||     2
Evoke: Disc of storms    |     4 |       ||     4
       Wand              |     2 |       ||     2
  Use: Scroll            |       |     1 ||     1
 Stab: Sleeping          |     3 |       ||     3
Dodge: Dodged            |    17 |     5 ||    22
